 Seeded DCSS version 0.30.0-5-g1a98f26d00 (webtiles) character file.

Game seed: 18007716519941398942 (custom seed)

1012 IndexError the Shooter (level 8, -1/63 HPs)
             Began as a Demonspawn Hunter on May 12, 2023.
             Slain by a bullfrog (6 damage)
             ... on level 5 of the Dungeon.
             The game lasted 00:05:17 (3673 turns).

IndexError the Shooter (Demonspawn Hunter)          Turns: 3673, Time: 00:05:18

Health: -1/63      AC:  8    Str: 11    XL:     8   Next: 1%
Magic:  8/8        EV: 12    Int: 13    God:
Gold:   200        SH:  0    Dex: 19    Spells: 7/7 levels left

rFire   + . .        j - +3 hand crossbow (drain)
rCold   + . .        (no shield)
rNeg    . . .        c - +0 leather armour
rPois   .            (no helmet)
rElec   +            k - scarf {rC+ rF+}
rCorr   .            (gloves unavailable)
SInv    .            y - +0 pair of boots
Will    .....        g - amulet of the acrobat
Stlth   ++           i - ring of Fygiullu {Fly rElec Int+2}
HPRegen 0.30/turn    s - +4 ring of protection
MPRegen 0.11/turn

%: acrobat
@: flying
A: claws 3, powered by pain 2
a: no special abilities


You were on level 5 of the Dungeon.
You visited 1 branch of the dungeon, and saw 5 of its levels.

You collected 200 gold pieces.

Inventory:

Hand Weapons
 a - a +0 shortbow
 j - a +3 hand crossbow of draining (weapon)
   (You acquired it on level 1 of the Dungeon)
Missiles
 J - 6 atropa-tipped darts
Armour
 c - a +0 leather armour (worn)
 k - a scarf of resistance (worn)
   (You acquired it on level 1 of the Dungeon)
 y - a +0 pair of boots (worn)
   (You found it on level 3 of the Dungeon)
Jewellery
 f - an amulet of faith {Faith, !P}
   (You found it on level 1 of the Dungeon)
 g - an amulet of the acrobat (around neck)
   (You found it on level 1 of the Dungeon)
 i - the ring of Fygiullu (left claw) {Fly rElec Int+2}
   (You acquired it on level 1 of the Dungeon)

   [ring of flight]

   Int:       It affects your intelligence (+2).
   rElec:     It insulates you from electricity.
   Fly:       It grants you flight.
 s - a +4 ring of protection (right claw)
   (You found it on level 2 of the Dungeon)
 v - a ring of willpower
   (You found it on level 2 of the Dungeon)
 z - a ring of positive energy {rN+}
   (You found it on level 3 of the Dungeon)
Wands
 H - a wand of polymorph (2)
   (You found it on level 4 of the Dungeon)
 K - a wand of mindburst (2)
   (You took it off Ijyb on level 4 of the Dungeon)
Scrolls
 b - 2 scrolls of immolation {!r}
 d - 2 scrolls of magic mapping {unknown}
 h - 2 scrolls of fog {unknown}
 n - 2 scrolls of enchant armour {unknown}
 o - a scroll of butterflies {unknown}
 p - a scroll of silence {unknown}
 r - a scroll of brand weapon {unknown}
 t - 3 scrolls of identify {unknown}
 u - 4 scrolls of amnesia {unknown}
 A - a scroll of blinking {unknown}
 B - 2 scrolls of torment {unknown}
 C - a scroll of vulnerability {unknown}
 G - 2 scrolls of teleportation {unknown}
 I - a scroll of enchant weapon {unknown}
Potions
 e - 2 potions of berserk rage {unknown}
 l - 2 potions of heal wounds {unknown}
 m - 3 potions of might {unknown}
 q - 3 potions of attraction {unknown}
 w - a potion of resistance {unknown}
 x - a potion of haste {unknown}
 E - 2 potions of degeneration {unknown}
 F - a potion of curing {unknown}
Miscellaneous
 D - a piece from Xom's chessboard (15/15)
   (You found it on level 3 of the Dungeon)


   Skills:
 + Level 5.6 Fighting
 * Level 7.9 Ranged Weapons
 - Level 1.7 Dodging
 - Level 0.8 Stealth


You had 7 spell levels left.
You didn't know any spells.
Your spell library contained the following spells:

 Spells                   Type           Power      Damage    Failure   Level
 Lesser Beckoning         Tloc           0%         N/A       52%         2
 Dazzling Flash           Conj/Hex       0%         N/A       77%         3
 Gell's Gravitas          Tloc           0%         N/A       77%         3
 Inner Flame              Hex/Fire       0%         N/A       77%         3
 Teleport Other           Tloc           0%         N/A       77%         3
 Flame Wave               Conj/Fire      0%         2d4       99%         4
 Sticky Flame             Conj/Fire      0%         2d3       99%         4
 Agony                    Necr           0%         N/A       100%        5
 Alistair's Intoxication  Tmut/Pois      0%         N/A       100%        5
 Borgnjor's Vile Clutch   Necr/Erth      0%         N/A       100%        5
 Silence                  Hex/Air        0%         N/A       100%        5
 Eringya's Noxious Bog    Tmut/Pois      0%         N/A       100%        6


Dungeon Overview and Level Annotations

Branches:
Dungeon (5/15)
 Temple: D:4-7

Altars:
Nemelex Xobeh
Qazlal
Wu Jian
Xom

Shops:
D:2 :


Innate Abilities, Weirdness & Mutations

You have claws for hands.
You sometimes gain power by taking damage.


Message History

Grinder hits you.
You writhe in agony.
You take 6 damage, and have 42/56 hp.
You shoot a bolt. The bolt hits Grinder.
The scorpion stings you but does no damage.
Grinder gestures at you. You resist with significant effort.
The scorpion barely misses you. Grinder closely misses you.
You shoot a bolt. The bolt barely misses Grinder.
The scorpion barely misses you. Grinder closely misses you.
The scorpion stings you but does no damage.
You shoot a bolt. The bolt barely misses Grinder.
The scorpion barely misses you. Grinder barely misses you.
The scorpion stings you but does no damage.
Grinder closely misses you.
You shoot a bolt. The bolt hits Grinder.
The scorpion barely misses you.
Grinder says, "There's only one good use for a tongue: cutting it out."
Grinder gestures at you.
You suddenly lose the ability to move!
The scorpion stings you.
Grinder blinks!
The scorpion stings you.
You are poisoned.
The scorpion poisons you!
You feel very sick. Grinder hits you but does no damage.
The scorpion stings you but does no damage.
You feel sick. The scorpion stings you. Grinder hits you.
You writhe in agony.
The scorpion stings you.
You are more poisoned.
The scorpion poisons you!
You can move again.
You take 19 damage, and have 24/56 hp.
MASSIVE DAMAGE!!
You are too injured to fight recklessly!
You are too injured to fight recklessly!
You are too injured to fight recklessly!
You feel very sick.
You take 4 damage, and have 20/56 hp.
Grinder attacks as you move away! Grinder completely misses you.
You feel very sick. Grinder gestures at you.
You resist with significant effort.
You take 3 damage, and have 17/56 hp.
Fire: j) +3 hand crossbow (drain)
Press: ? - help, Q - select action, (/) - cycle Shift-Dir - straight line, f/p - Grinder
Aim: Grinder (heavily wounded, 67% to hit)
Okay, then.
You feel sick.
You take 2 damage, and have 15/56 hp.
Aiming: Mindburst
Press: ? - help, Shift-Dir - straight line, f/p - Grinder
Aim: Grinder (heavily wounded, chance to affect: 64%) Grinder's mind is blasted!
You feel sick.
You take 1 damage, and have 14/56 hp.
Aiming: Mindburst
Press: ? - help, Shift-Dir - straight line, f/p - Grinder
Aim: Grinder (almost dead, chance to affect: 64%) Grinder struggles to resist.
You feel sick.
Grinder grins, showing sharp teeth.
Grinder gestures at you. Pain shoots through your body!
* * * LOW HITPOINT WARNING * * *
You take 6 damage, and have 8/56 hp.
Aiming: Mindburst
Press: ? - help, Shift-Dir - straight line, f/p - Grinder
Aim: Grinder (almost dead, chance to affect: 64%) Grinder's mind is blasted!
You feel sick.
You take 1 damage, and have 7/56 hp.
Aiming: Mindburst
Press: ? - help, Shift-Dir - straight line, f - scorpion
Aim: a scorpion (chance to affect: 64%)
The scorpion's mind is blasted!
You feel sick.
The dart slug briefly extends its eye-stalks.
The scorpion closely misses you.
Aiming: Mindburst
Press: ? - help, Shift-Dir - straight line, f/p - scorpion
Aim: a scorpion (severely wounded, chance to affect: 64%)
The scorpion's mind is blasted!
You feel sick. The dart slug launches a dart at you.
The slug dart hits you but does no damage.
You have reached level 8!
You feel agile.
Your demonic ancestry asserts itself...
Your hands twist into claws.
MP restored: 8 Fire: j) +3 hand crossbow (drain)
Press: ? - help, Q - select action, (/) - cycle Shift-Dir - straight line, f - dart slug
Aim: a dart slug (94% to hit)
You shoot a bolt. The bolt hits the dart slug.
You feel sick.
You take 2 damage, and have 5/63 hp.
Fire: j) +3 hand crossbow (drain)
Press: ? - help, Q - select action, (/) - cycle Shift-Dir - straight line, f/p - dart slug
Aim: a dart slug (heavily wounded, 94% to hit)
You shoot a bolt. The bolt hits the dart slug!
You feel sick.
You are no longer poisoned.
The bullfrog barely misses you.
Fire: j) +3 hand crossbow (drain)
Press: ? - help, Q - select action, (/) - cycle Shift-Dir - straight line, f - bullfrog
Aim: a bullfrog (64% to hit)
You shoot a bolt. The bolt hits the bullfrog.
The bullfrog hits you.
You die...

#..<†..........#
##.##.
#..............#
#..#..
#.....w..........#
##....# #............
###...###
###..........
####.)..##
#.......... #.......#
#..####.###
###..######
.....##.#####....####
.......@F...........#
....#.####....#######
. .....w..####
.....###F## ... #. ..
#. . .. #. ..


You could see a bullfrog.

Vanquished Creatures
  Grinder (D:5)
  2 ogres (D:5)
  2 phantoms (D:5)
  Blork the orc (D:4)
  2 scorpions
  A jelly (D:5)
  A hound (D:5)
  A sleepcap (D:4)
  2 iguanas (D:5)
  Ijyb (D:4)
  4 gnolls
  An adder (D:2)
  A shadow imp (D:5)
  3 worms (D:2)
  4 dart slugs
  2 orcs (D:4)
  3 bats
  10 endoplasms
  4 giant cockroaches
  11 goblins
  2 hobgoblins (D:1)
  6 jackals
  9 kobolds
  4 quokkas
  7 ball pythons
  4 frilled lizards
  6 rats
95 creatures vanquished.

Notes
Turn   | Place    | Note
-------+----------+-------------------------------------------
     0 | D:1      | IndexError the Demonspawn Hunter began the quest for the
                  | Orb.
     0 | D:1      | Reached XP level 1. HP: 16/16 MP: 1/1
    64 | D:1      | Gained mutation: You sometimes gain a little power by
                  | taking damage. [demonic ancestry]
    64 | D:1      | Reached XP level 2. HP: 22/22 MP: 2/2
    98 | D:1      | Reached skill level 4 in Ranged Weapons
   178 | D:1      | Identified 3 scrolls of acquirement
   178 | D:1      | Acquired a +3 hand crossbow of draining
   180 | D:1      | Acquired a scarf of resistance
   182 | D:1      | Acquired the ring of Fygiullu {Fly rElec Int+2}
   465 | D:1      | Gained mutation: You have sharp fingernails. [demonic
                  | ancestry]
   465 | D:1      | Reached XP level 3. HP: 28/28 MP: 3/3
   632 | D:1      | Found a faded altar of an unknown god.
   632 | D:1      | Noticed a neqoxec
  1319 | D:2      | Gained mutation: You have very sharp fingernails. [demonic
                  | ancestry]
  1319 | D:2      | Reached XP level 4. HP: 34/34 MP: 4/4
  1322 | D:2      | Found Lemucar's Book Boutique.
  1350 | D:2      | Identified the +2 hand axe "Plog" {drain, +Blink rCorr}
  1677 | D:2      | Reached skill level 3 in Fighting
  2086 | D:3      | Found a stormy altar of Qazlal.
  2140 | D:3      | Found a shimmering altar of Xom.
  2312 | D:3      | You are sucked into a shaft and drop 2 floors!
  2312 | D:5      | Entered Level 5 of the Dungeon
  2323 | D:5      | Reached skill level 5 in Ranged Weapons
  2324 | D:5      | Reached XP level 5. HP: 41/41 MP: 5/5
  2344 | D:5      | Noticed an ogre
  2344 | D:5      | Noticed a phantom
  2346 | D:5      | Killed an ogre
  2351 | D:5      | Killed a phantom
  2352 | D:5      | Reached skill level 4 in Fighting
  2352 | D:5      | Reached skill level 6 in Ranged Weapons
  2352 | D:5      | Reached XP level 6. HP: 47/48 MP: 6/6
  2488 | D:4      | Noticed Blork the orc
  2490 | D:4      | Killed Blork the orc
  2571 | D:4      | Found a sparkling altar of Nemelex Xobeh.
  3101 | D:4      | Found an ornate altar of the Wu Jian Council.
  3365 | D:5      | Gained mutation: You sometimes gain power by taking damage.
                  | [demonic ancestry]
  3365 | D:5      | Reached XP level 7. HP: 55/55 MP: 7/7
  3386 | D:5      | Noticed Ijyb
  3392 | D:5      | Reached skill level 7 in Ranged Weapons
  3397 | D:4      | HP: 13/55 [disintegration (4)]
  3398 | D:4      | Killed Ijyb
  3572 | D:5      | Reached skill level 5 in Fighting
  3647 | D:5      | Noticed Grinder
  3647 | D:5      | Paralysed by Grinder for 5 turns
  3659 | D:5      | Paralysed by Grinder for 4 turns
  3666 | D:5      | HP: 14/56 [poisoned by a scorpion]
  3668 | D:5      | Killed Grinder
  3670 | D:5      | HP: 6/56 [poisoned by a scorpion]
  3671 | D:5      | Gained mutation: You have claws for hands. [demonic
                  | ancestry]
  3671 | D:5      | Reached XP level 8. HP: 7/63 MP: 8/8
  3673 | D:5      | Slain by a bullfrog

Illustrated notes

Levels and vault maps discovered:
D:1:      psy_arrival_dodecagon, layout_basic,
          dreamdust_ecumenical_altar_sealed_demon
D:2:      layout_loops_cross, serial_shops, shop, minmay_misc_feat_cross,
          glass_columns_c, minmay_ruptured
D:3:      layout_basic, xom_butterflies, nicolae_qazlal_scattered_showers,
          nicolae_overflow_crystal_walls, tso_oasis_becter
D:4:      layout_cave_pools, kennysheep_mini, nicolae_wu_jian_wuxing_cycle,
          serial_column_ruins, column_ruins_circle_small, column_ruins_grid_3,
          column_ruins_open_large, column_ruins_grid_1, column_ruins_grid_1,
          column_ruins_open_tiny, chequers_hall_statues_wall_a,
          chequers_serial_rivers_micro_c, uniq_blork_the_orc
D:5:      minmay_evil_eye, layout_rooms, nicolae_ru_the_path_less_chosen,
          uniq_ijyb, uniq_grinder

Skill      XL: |  1  2  3  4  5  6  7 |
---------------+----------------------+-----
Ranged Weapons | 4 5 6 7 |  7.9
Fighting       | 3 4 5 |  5.6
Dodging        | |  1.7
Stealth        | |  0.8

Action                     |  1- 3 |  4- 6 |  7- 9 || total
---------------------------+-------+-------+-------++-------
   Fire: Shortbow          |    34 |       |       ||    34
         Hand crossbow     |    46 |    61 |    35 ||   142
  Evoke: Wand              |       |       |     5 ||     5
    Use: Scroll            |     3 |       |       ||     3
 Armour: Leather armour    |     6 |     2 |    16 ||    24
  Dodge: Dodged            |    13 |     4 |    26 ||    43

Levels and vault maps discovered:
D:1:      psy_arrival_dodecagon, layout_basic,
          dreamdust_ecumenical_altar_sealed_demon
D:2:      layout_loops_cross, serial_shops, shop, minmay_misc_feat_cross,
          glass_columns_c, minmay_ruptured
D:3:      layout_basic, xom_butterflies, nicolae_qazlal_scattered_showers,
          nicolae_overflow_crystal_walls, tso_oasis_becter
D:4:      layout_cave_pools, kennysheep_mini, nicolae_wu_jian_wuxing_cycle,
          serial_column_ruins, column_ruins_circle_small, column_ruins_grid_3,
          column_ruins_open_large, column_ruins_grid_1, column_ruins_grid_1,
          column_ruins_open_tiny, chequers_hall_statues_wall_a,
          chequers_serial_rivers_micro_c, uniq_blork_the_orc
D:5:      minmay_evil_eye, layout_rooms, nicolae_ru_the_path_less_chosen,
          uniq_ijyb, uniq_grinder

Table legend: (Time is in decaauts)
 A = Elapsed time spent in this place.
 B = Non-inter-level travel time spent in this place.
 C = Inter-level travel time spent in this place.
 D = Time resting spent in this place.
 E = Time spent auto-exploring this place.
 F = Levels seen in this place.
 G = Mean time per level.
                   A        B        C        D        E       F      G
               +--------+--------+--------+--------+--------+-----+--------+
         Total |   3780 |   3397 |    383 |      0 |   2813 |   5 |  756.0 |
       Dungeon |   3780 |   3397 |    383 |      0 |   2813 |   5 |  756.0 |
               +--------+--------+--------+--------+--------+-----+--------+

Top non-repeatable levels by time:
     D:1: 1210 daAuts
     D:3: 869 daAuts
     D:4: 780 daAuts
     D:2: 682 daAuts
     D:5: 236 daAuts

Table legend:
 A = Kills in this place as a percentage of kills in the entire game.
 B = Kills by you in this place as a percentage of kills by you in the entire game.
 C = Kills by friends in this place as a percentage of kills by friends in the entire game.
 D = Other kills in this place as a percentage of other kills in the entire game.
 E = Experience gained in this place as a percentage of experience gained in the entire game.
 F = Experience gained in this place divided by the number of levels of this place that you have seen.
                   A       B       C       D       E      F
               +-------+-------+-------+-------+-------+----------------------
         Total | 100.0 | 100.0 |   N/A |   N/A | 100.0 | 289.2
       Dungeon | 100.0 | 100.0 |   N/A |   N/A | 100.0 | 289.2
               +-------+-------+-------+-------+-------+----------------------
